SOB
LIMON CALYPSOS @ COLON SCALLYWAGS
01/14/1982
 
TOP OF THE 1ST
Limon Calypsos batting - Pitching for Colon Scallywags : RHP Dave J Schmidt
Pitching: RHP Dave J Schmidt
Batting: RHB Randy Milligan 0-0: Called Strike
0-1: Fly out, F9 (Flyball, 9D, EV 80.0 MPH)
Batting: LHB Phil Stephenson 0-0: Ball
1-0: Ball
2-0: SINGLE (Line Drive, 89S, EV 93.1 MPH)
Batting: LHB Mike Pagliarulo 0-0: Ball
1-0: Ball
2-0: Ball
3-0: Base on Balls
Phil Stephenson to second
Batting: RHB Denny Gonzalez 0-0: SINGLE (Groundball, 34D, EV 107.5 MPH)
Phil Stephenson to third
Mike Pagliarulo to second
Runner from 3rd tries for Home, SAFE, throw by RF to home
Batting: RHB Nehames Bernstine 0-0: Called Strike
0-1: Ball
1-1: SINGLE (Groundball, 34D, EV 96.9 MPH)
Mike Pagliarulo to third
Denny Gonzalez to second
Runner from 3rd tries for Home, SAFE, throw by RF to home
Batting: SHB Bobby Bonilla 0-0: Ball
1-0: Ball
2-0: Ball
3-0: Called Strike
3-1: Called Strike
3-2: Base on Balls
Denny Gonzalez to third
Nehames Bernstine to second
Batting: RHB Greg Gagne 0-0: Ball
1-0: Fly out, F6 (Line Drive, 6, EV 73.8 MPH)
Batting: LHB Jesus Marinez 0-0: Ground out 5-3 (Groundball, 56, EV 103.8 MPH)
Top of the 1st over - 2 runs, 3 hits, 0 errors, 3 left on base; Limon 2 - Colon 0
BOTTOM OF THE 1ST
Colon Scallywags batting - Pitching for Limon Calypsos : LHP Bob Buchanan
Pitching: LHP Bob Buchanan
Batting: RHB Phil Bradley 0-0: SINGLE (Line Drive, 6D, EV 96.3 MPH)
Batting: RHB Marty G Barrett 0-0: Ball
1-0: Foul Ball, location: 2F
1-1: Fielders Choice at 2nd, 1-6 (Groundball, 13S, EV 71.3 MPH)
Batting: SHB Willie McGee 0-0: Ball
1-0: Ball
2-0: Ball
3-0: Fly out, F8 (Line Drive, 8LD, EV 87.5 MPH)
Batting: RHB Joe Carter 0-0: Called Strike
0-1: Ball
1-1: Swinging Strike
1-2: Strikes out swinging
Bottom of the 1st over - 0 runs, 1 hit, 0 errors, 1 left on base; Limon 2 - Colon 0
TOP OF THE 2ND
Limon Calypsos batting - Pitching for Colon Scallywags : RHP Dave J Schmidt
Batting: RHB Rob Deer 0-0: Swinging Strike
0-1: Ball
1-1: Foul Ball, location: 2F
1-2: Ball
2-2: Foul Ball, location: 2F
2-2: Strikes out swinging
Batting: RHB Randy Milligan 0-0: Called Strike
0-1: Ball
1-1: Foul Ball, location: 2F
1-2: Strikes out swinging
Batting: LHB Phil Stephenson 0-0: Called Strike
0-1: Swinging Strike
0-2: Ball
1-2: Ball
2-2: Foul Ball, location: 2F
2-2: SINGLE (Flyball, 89S, EV 96.3 MPH)
Batting: LHB Mike Pagliarulo 0-0: Ball
1-0: Called Strike
1-1: Ball
2-1: Ball
3-1: SINGLE (Groundball, 34D, EV 107.5 MPH)
Phil Stephenson to second
Runner from 2nd tries for 3rd, SAFE, throw by RF made to third
Batting: RHB Denny Gonzalez 0-0: Called Strike
0-1: Ball
1-1: Called Strike
1-2: Ball
Wild Pitch!
Phil Stephenson scores
Mike Pagliarulo to second
2-2: SINGLE (Groundball, 34D, EV 95.0 MPH)
Mike Pagliarulo to third
Runner from 3rd tries for Home, SAFE, throw by RF to home
Batting: RHB Nehames Bernstine 0-0: Ground out 4-3 (Groundball, 34, EV 83.8 MPH)
Top of the 2nd over - 2 runs, 3 hits, 0 errors, 1 left on base; Limon 4 - Colon 0
BOTTOM OF THE 2ND
Colon Scallywags batting - Pitching for Limon Calypsos : LHP Bob Buchanan
Batting: SHB Jordan Ayala 0-0: Called Strike
0-1: Foul Ball, location: 2F
0-2: Ball
1-2: Foul Ball, location: 2F
1-2: Foul Ball, location: 2F
1-2: Ball
2-2: Fly out, F8 (Flyball, 78D, EV 82.5 MPH)
Batting: RHB Gerry Davis 0-0: Foul Ball, location: 2F
0-1: Ball
1-1: Called Strike
1-2: Foul Ball, location: 2F
1-2: Foul Ball, location: 2F
1-2: Ball
2-2: SINGLE (Flyball, 8LS, EV 95.0 MPH)
Batting: LHB Sid Bream 0-0: Called Strike
0-1: Ball
1-1: Fly out, F5 (Popup, 56S, EV 77.5 MPH)
Batting: RHB Edwin Agudelo 0-0: Ball
1-0: SINGLE (Groundball, 3D, EV 107.5 MPH)
Gerry Davis to second
Runner from 2nd tries for 3rd, SAFE, throw by RF made to third
Batting: RHB Alejandro Luna 0-0: Fielders Choice at 2nd, 6-4 (Groundball, 6, EV 88.8 MPH)
Bottom of the 2nd over - 0 runs, 2 hits, 0 errors, 2 left on base; Limon 4 - Colon 0
TOP OF THE 3RD
Limon Calypsos batting - Pitching for Colon Scallywags : RHP Dave J Schmidt
Batting: SHB Bobby Bonilla 0-0: Ground out 1-3 (Groundball, 13, EV 74.4 MPH)
Batting: RHB Greg Gagne 0-0: Ball
1-0: Ground out 6-3 (Groundball, 6, EV 82.5 MPH)
Batting: LHB Jesus Marinez 0-0: Ground out 4-3 (Groundball, 4, EV 90.0 MPH)
Top of the 3rd over - 0 runs, 0 hits, 0 errors, 0 left on base; Limon 4 - Colon 0
BOTTOM OF THE 3RD
Colon Scallywags batting - Pitching for Limon Calypsos : LHP Bob Buchanan
Batting: RHB Phil Bradley 0-0: Swinging Strike
0-1: Ball
1-1: Ball
2-1: Foul Ball, location: 2F
2-2: Strikes out swinging
Batting: RHB Marty G Barrett 0-0: Ball
1-0: Called Strike
1-1: Swinging Strike
1-2: Ball
2-2: Foul Ball, location: 2F
2-2: Foul Ball, location: 2F
2-2: Ground out 5-3 (Groundball, 56S, EV 86.3 MPH)
Batting: SHB Willie McGee 0-0: Called Strike
0-1: Ball
1-1: Foul Ball, location: 2F
1-2: Strikes out looking
Bottom of the 3rd over - 0 runs, 0 hits, 0 errors, 0 left on base; Limon 4 - Colon 0
TOP OF THE 4TH
Limon Calypsos batting - Pitching for Colon Scallywags : RHP Dave J Schmidt
Batting: RHB Rob Deer 0-0: Ball
1-0: SINGLE (Flyball, 8LS, EV 85.6 MPH)
Batting: RHB Randy Milligan 0-0: Ball
1-0: SINGLE (Line Drive, 34D, EV 95.0 MPH)
Rob Deer to second
Runner from 2nd tries for 3rd, SAFE, throw by RF made to third
Batting: LHB Phil Stephenson 0-0: Foul Ball, location: 2F
0-1: Ball
1-1: Ball
2-1: Foul Ball, location: 2F
2-2: Strikes out looking
Batting: LHB Mike Pagliarulo 0-0: Called Strike
Randy Milligan steals 2nd base
0-1: Ball
1-1: Ball
2-1: SINGLE (Groundball, 4D, EV 103.1 MPH)
Rob Deer scores
Randy Milligan to third
Runner from 3rd tries for Home, SAFE, throw by RF to home
Pitching: RHP Willie Mueller
Batting: RHB Denny Gonzalez 0-0: Ball
1-0: Ball
2-0: Foul Ball, location: 2F
2-1: Called Strike
2-2: Fielders Choice at 2nd, 6-4 (Groundball, 6, EV 100.6 MPH)
Batting: RHB Nehames Bernstine 0-0: Foul Ball, location: 2F
0-1: Foul Ball, location: 2F
0-2: Ball
1-2: Fielders Choice at 2nd, 5-4 (Groundball, 56, EV 84.4 MPH)
Top of the 4th over - 2 runs, 3 hits, 0 errors, 1 left on base; Limon 6 - Colon 0
BOTTOM OF THE 4TH
Colon Scallywags batting - Pitching for Limon Calypsos : LHP Bob Buchanan
Batting: RHB Joe Carter 0-0: Ground out 6-3 (Groundball, 6, EV 92.5 MPH)
Batting: SHB Jordan Ayala 0-0: Called Strike
0-1: Foul Ball, location: 2F
0-2: Ball
1-2: Ground out 5-3 (Groundball, 56S, EV 77.5 MPH)
Batting: RHB Gerry Davis 0-0: Ball
1-0: Ball
2-0: Ball
3-0: Called Strike
3-1: Base on Balls
Batting: LHB Sid Bream 0-0: Called Strike
Gerry Davis is caught stealing 2nd base 2-6
Bottom of the 4th over - 0 runs, 0 hits, 0 errors, 0 left on base; Limon 6 - Colon 0
TOP OF THE 5TH
Limon Calypsos batting - Pitching for Colon Scallywags : RHP Willie Mueller
Batting: SHB Bobby Bonilla 0-0: Ball
1-0: Foul Ball, location: 2F
1-1: Called Strike
1-2: Foul Ball, location: 2F
1-2: Foul Ball, location: 2F
1-2: Ball
2-2: Ball
3-2: Foul Ball, location: 2F
3-2: Fly out, F4 (Line Drive, 4, EV 76.9 MPH)
Batting: RHB Greg Gagne 0-0: Ball
1-0: Ball
2-0: Foul Ball, location: 2F
2-1: Foul Ball, location: 2F
2-2: Ball
3-2: Fly out, F9 (Flyball, 89M, EV 87.5 MPH)
Batting: LHB Jesus Marinez 0-0: Ball
1-0: Ball
2-0: Swinging Strike
2-1: Foul Ball, location: 2F
2-2: Foul Ball, location: 2F
2-2: Strikes out swinging
Top of the 5th over - 0 runs, 0 hits, 0 errors, 0 left on base; Limon 6 - Colon 0
BOTTOM OF THE 5TH
Colon Scallywags batting - Pitching for Limon Calypsos : LHP Bob Buchanan
Batting: LHB Sid Bream 0-0: Called Strike
0-1: Ball
1-1: Ball
2-1: Fly out, F6 (Popup, 6MD, EV 66.3 MPH)
Batting: RHB Edwin Agudelo 0-0: Ball
1-0: Ball
2-0: Ball
3-0: Called Strike
3-1: Ground out 4-3 (Groundball, 4, EV 91.9 MPH)
Batting: RHB Alejandro Luna 0-0: Ball
1-0: Ground out 5-3 (Groundball, 56S, EV 66.9 MPH)
Bottom of the 5th over - 0 runs, 0 hits, 0 errors, 0 left on base; Limon 6 - Colon 0
TOP OF THE 6TH
Limon Calypsos batting - Pitching for Colon Scallywags : RHP Willie Mueller
Batting: RHB Rob Deer 0-0: Ball
1-0: Fly out, F8 (Flyball, 8LM, EV 90.0 MPH)
Batting: RHB Randy Milligan 0-0: Called Strike
0-1: Swinging Strike
0-2: Strikes out looking
Batting: LHB Phil Stephenson 0-0: Foul Ball, location: 2F
0-1: Ball
1-1: Ball
2-1: Called Strike
2-2: Foul Ball, location: 2F
2-2: Fly out, F6 (Popup, 6S, EV 75.0 MPH)
Top of the 6th over - 0 runs, 0 hits, 0 errors, 0 left on base; Limon 6 - Colon 0
BOTTOM OF THE 6TH
Colon Scallywags batting - Pitching for Limon Calypsos : LHP Bob Buchanan
Batting: RHB Phil Bradley 0-0: Ground out 5-3 (Groundball, 5, EV 90.6 MPH)
Batting: RHB Marty G Barrett 0-0: Swinging Strike
0-1: Ball
1-1: Ball
2-1: Called Strike
2-2: Foul Ball, location: 2F
2-2: Ball
3-2: Base on Balls
Batting: SHB Willie McGee 0-0: Called Strike
Marty G Barrett steals 2nd base (no throw)
0-1: SINGLE (Groundball, 6MD, EV 108.1 MPH)
Marty G Barrett to third
Runner from 3rd tries for Home, SAFE, throw by CF to home
Willie McGee to second
Batting: RHB Joe Carter 0-0: Ball
Willie McGee steals 3rd base
1-0: Swinging Strike
1-1: Ball
2-1: Foul Ball, location: 2F
2-2: Ball
3-2: Strikes out swinging
Batting: SHB Jordan Ayala 0-0: Ball
1-0: Ground out 3-1 (Groundball, 34, EV 93.1 MPH)
Bottom of the 6th over - 1 run, 1 hit, 0 errors, 1 left on base; Limon 6 - Colon 1
TOP OF THE 7TH
Limon Calypsos batting - Pitching for Colon Scallywags : RHP Willie Mueller
Batting: LHB Mike Pagliarulo 0-0: Ball
1-0: SINGLE (Groundball, 6S, EV 72.5 MPH) (infield hit)
Pitching: RHP Nelson Sanchez
Batting: RHB Denny Gonzalez 0-0: Called Strike
0-1: Foul Ball, location: 2F
0-2: Ball
1-2: Grounds into double play, 4-6-3 (Groundball, 4M, EV 103.1 MPH)
Batting: RHB Nehames Bernstine 0-0: Called Strike
0-1: Ball
1-1: Foul Ball, location: 2F
1-2: Strikes out looking
Top of the 7th over - 0 runs, 1 hit, 0 errors, 0 left on base; Limon 6 - Colon 1
BOTTOM OF THE 7TH
Colon Scallywags batting - Pitching for Limon Calypsos : LHP Bob Buchanan
Batting: RHB Gerry Davis 0-0: Called Strike
0-1: Ball
1-1: Ground out 6-3 (Groundball, 6, EV 82.5 MPH)
Batting: LHB Sid Bream 0-0: Called Strike
0-1: Ball
1-1: Foul Ball, location: 2F
1-2: Strikes out swinging
Batting: RHB Edwin Agudelo 0-0: Ball
1-0: Fly out, F8 (Flyball, 8LS, EV 86.3 MPH)
Bottom of the 7th over - 0 runs, 0 hits, 0 errors, 0 left on base; Limon 6 - Colon 1
TOP OF THE 8TH
Limon Calypsos batting - Pitching for Colon Scallywags : RHP Nelson Sanchez
Batting: SHB Bobby Bonilla 0-0: Called Strike
0-1: Foul Ball, location: 2F
0-2: DOUBLE (Flyball, 8RXD, EV 101.3 MPH)
Batting: RHB Greg Gagne 0-0: Called Strike
0-1: Ball
1-1: Called Strike
1-2: Ground out 4-3 (Groundball, 4, EV 102.5 MPH)
Bobby Bonilla to third
Batting: LHB Jesus Marinez 0-0: Called Strike
0-1: Ball
1-1: Ball
2-1: Ground out U3 (Groundball, 13, EV 88.8 MPH)
Bobby Bonilla scores
Batting: RHB Rob Deer 0-0: Foul Ball, location: 2F
0-1: Ball
1-1: Ball
2-1: Called Strike
2-2: Strikes out looking
Top of the 8th over - 1 run, 1 hit, 0 errors, 0 left on base; Limon 7 - Colon 1
BOTTOM OF THE 8TH
Colon Scallywags batting - Pitching for Limon Calypsos : LHP Bob Buchanan
Pitching: RHP Keith Bonine
Batting: RHB Alejandro Luna 0-0: Ball
1-0: Ball
2-0: Called Strike
2-1: Swinging Strike
2-2: Ground out U3 (Groundball, 3, EV 85.6 MPH)
Batting: RHB Phil Bradley 0-0: Foul Ball, location: 2F
0-1: Ball
1-1: Fly out, F9 (Flyball, 89M, EV 89.4 MPH)
Batting: RHB Marty G Barrett 0-0: Ball
1-0: Foul Ball, location: 2F
1-1: Foul Ball, location: 2F
1-2: Ball
2-2: Foul Ball, location: 2F
2-2: Ground out 6-3 (Groundball, 6, EV 88.1 MPH)
Bottom of the 8th over - 0 runs, 0 hits, 0 errors, 0 left on base; Limon 7 - Colon 1
TOP OF THE 9TH
Limon Calypsos batting - Pitching for Colon Scallywags : RHP Nelson Sanchez
Batting: RHB Randy Milligan 0-0: Ground out 4-3 (Groundball, 34, EV 85.0 MPH)
Batting: LHB Phil Stephenson 0-0: Ball
1-0: Ball
2-0: Ball
3-0: Called Strike
3-1: Foul Ball, location: 2F
3-2: Base on Balls
Batting: LHB Mike Pagliarulo 0-0: Ground out 3-1 (Groundball, 34S, EV 84.4 MPH)
Phil Stephenson to second
Batting: RHB Denny Gonzalez 0-0: Ball
1-0: Ball
2-0: Fly out, F8 (Flyball, 78S, EV 96.9 MPH)
Top of the 9th over - 0 runs, 0 hits, 0 errors, 1 left on base; Limon 7 - Colon 1
BOTTOM OF THE 9TH
Colon Scallywags batting - Pitching for Limon Calypsos : RHP Keith Bonine
Batting: SHB Willie McGee 0-0: Ball
1-0: SINGLE (Line Drive, 56D, EV 93.8 MPH)
Batting: RHB Joe Carter 0-0: Called Strike
0-1: Ball
1-1: Foul Ball, location: 2F
1-2: Ball
2-2: Ball
3-2: SINGLE (Groundball, 5S, EV 66.3 MPH) (infield hit)
Willie McGee to second
Batting: SHB Jordan Ayala 0-0: Foul Ball, location: 2F
0-1: Swinging Strike
0-2: DOUBLE (Flyball, 8LXD, EV 106.9 MPH)
Willie McGee scores
Joe Carter to third
Batting: RHB Gerry Davis 0-0: Called Strike
0-1: Ball
1-1: Called Strike
1-2: Foul Ball, location: 2F
1-2: Strikes out looking
Batting: LHB Sid Bream 0-0: Ball
1-0: Called Strike
1-1: Ball
Wild Pitch!
Joe Carter scores
Jordan Ayala to third
2-1: Foul Ball, location: 2F
2-2: Ground out 6-3 (Groundball, 6M, EV 90.6 MPH)
Jordan Ayala scores
Pitching: LHP Jeff Schneider
Batting: RHB Edwin Agudelo 0-0: Ball
1-0: Ball
2-0: Called Strike
2-1: Ball
3-1: Reached on error, E5 (Groundball, 56, EV 108.1 MPH)
Pitching: RHP David Melendez
Batting: RHB Alejandro Luna 0-0: Reached on error, E6 (Groundball, 56D, EV 91.9 MPH)
Edwin Agudelo to third
Pinch Hitting: SHB Johnny Ray 0-0: Called Strike
0-1: SINGLE (Line Drive, 78M, EV 94.4 MPH)
Edwin Agudelo scores
Alejandro Luna to second
Batting: RHB Marty G Barrett 0-0: Called Strike
0-1: Ball
1-1: Ball
2-1: Ground out 6-3 (Groundball, 56, EV 105.0 MPH)
Bottom of the 9th over - 4 runs, 4 hits, 2 errors, 2 left on base; Limon 7 - Colon 5
Tuesday, July 7th, 2020 - OOTP Baseball 21.4 Build 63